AoeStats
← powerkek

Arena

509575739Analyzed
4v4 RM · 4d ago on Sep 27, 2026· 40m 48s· 8 players
Game mode
Random Map
Map size
Large (8 player)
Population
200
Speed
Normal
Resources
Standard
Victory
Conquest
Starting age
Dark Age
Ending age
Imperial Age
RankedLock teamsTeams togetherTeam positionsShared explorationLock speedFull tech treeHidden civsTurbo modeCheats
Victory
Defeat
🇹🇼 Slavs · Taiwan
1052
+13
🇬🇧 Persians · United Kingdom
1006
+15
🇸🇰 Franks · Slovakia
942
+17
🇸🇰 Vietnamese · Slovakia
937
+18
🇦🇺 Franks · Australia
1028
-18
🇦🇺 Franks · Australia
982
-16
🇨🇳 Franks · China
952
-15
🇺🇸 Franks · United States
943
-14
SignalHarmony29
5:07 Loom
11:46 Feudal Age
11:59 Feudal Age
17:50 Castle Age
15:42 Double-Bit Axe
17:57 Gold Mining
18:01 Stone Mining
19:30 Bow Saw
21:25 Wheelbarrow
21:53 Town Watch
24:58 Fervor
25:30 Treadmill Crane
29:01 Hand Cart
30:00 Gold Shaft Mining
29:45 Husbandry
29:05 Light Cavalry
30:41 Squires
30:20 Pikeman
32:26 Forging
32:22 Scale Barding Armor
32:17 Scale Mail Armor
36:23 Imperial Age
33:47 Fletching
33:57 Padded Archer Armor
35:34 Iron Casting
35:20 Chain Barding Armor
35:15 Chain Mail Armor
35:16 Leather Archer Armor
35:44 Bodkin Arrow
36:12 Ballistics
35:31 Man-at-Arms
35:56 Gambesons
35:57 Arson
37:37 Cavalier
39:18 Blast Furnace
39:30 Cranequins
41:19 Plate Barding Armor
41:15 Plate Mail Armor
40:15 Paladin
TheHam
4:10 Loom
11:00 Feudal Age
15:37 Castle Age
14:03 Double-Bit Axe
14:33 Stone Mining
15:31 Gold Mining
22:34 Town Watch
24:40 Fortified Wall
25:03 Murder Holes
25:58 Bow Saw
26:50 Wheelbarrow
26:56 Ballistics
28:13 Hand Cart
28:00 Town Patrol
29:03 Husbandry
32:49 Imperial Age
30:52 Pikeman
31:32 Squires
31:50 Town Patrol
32:02 Forging
31:53 Scale Mail Armor
31:59 Scale Barding Armor
32:16 Masonry
32:49 Ordonnance Companies
34:20 Conscription
34:38 Elite Throwing Axeman
34:49 Cavalier
36:40 Iron Casting
35:55 Fletching
36:26 Chain Barding Armor
37:52 Chemistry
37:24 Architecture
37:14 Chivalry
38:53 Paladin
41:21 Siege Engineers
Homelander
10:56 Feudal Age
11:57 Double-Bit Axe
14:32 Castle Age
18:45 Forging
22:20 Wheelbarrow
27:38 Imperial Age
25:51 Gold Mining
27:29 Iron Casting
27:29 Bow Saw
30:03 Fletching
31:22 Blast Furnace
36:24 Scale Mail Armor
domiknocker
8:06 Loom
10:53 Feudal Age
11:24 Double-Bit Axe
13:04 Wheelbarrow
18:38 Castle Age
17:18 Fletching
17:29 Padded Archer Armor
18:47 Gold Mining
20:03 Bow Saw
21:51 Squires
21:13 Pikeman
23:17 Leather Archer Armor
25:14 Gold Shaft Mining
26:00 Bodkin Arrow
31:44 Imperial Age
29:38 Crossbowman
31:07 Scale Mail Armor
31:51 Forging
31:57 Fortified Wall
33:08 Conscription
jr.winterburn
10:56 Feudal Age
14:57 Castle Age
13:41 Double-Bit Axe
14:31 Horse Collar
16:52 Bow Saw
17:02 Loom
21:29 Wheelbarrow
22:51 Heavy Plow
22:44 Gold Mining
26:12 Gold Shaft Mining
26:08 Hand Cart
25:20 Pikeman
30:28 Forging
30:25 Scale Barding Armor
35:00 Imperial Age
36:04 Crop Rotation
36:35 Two-Man Saw
35:02 Halberdier
35:05 Capped Ram
35:29 Elite War Elephant
monkeyken7414
10:03 Feudal Age
11:29 Loom
14:28 Castle Age
13:12 Double-Bit Axe
13:25 Horse Collar
15:21 Scale Mail Armor
16:30 Pikeman
22:44 Bow Saw
23:45 Heavy Plow
24:51 Wheelbarrow
24:25 Stone Mining
30:40 Imperial Age
28:13 Gold Mining
29:35 Gold Shaft Mining
29:23 Chain Mail Armor
29:19 Forging
29:52 Fletching
30:07 Squires
30:59 Scale Barding Armor
31:46 Conscription
31:55 Hand Cart
33:53 Chemistry
33:02 Town Watch
34:21 Plate Mail Armor
34:28 Iron Casting
33:51 Halberdier
36:19 Two-Man Saw
35:51 Crop Rotation
37:44 Blast Furnace
36:39 Bodkin Arrow
36:52 Druzhina
38:40 Elite Boyar
39:43 Chain Barding Armor
39:28 Husbandry
powerkek
11:16 Feudal Age
12:38 Wheelbarrow
11:51 Double-Bit Axe
11:47 Horse Collar
12:07 Stone Mining
12:13 Gold Mining
14:13 Loom
19:06 Castle Age
17:12 Fletching
17:58 Scale Mail Armor
21:46 Hand Cart
21:44 Bow Saw
21:54 Crossbowman
23:30 Heavy Plow
25:24 Thumb Ring
25:23 Bodkin Arrow
26:28 Padded Archer Armor
27:53 Leather Archer Armor
29:18 Chatras
34:34 Imperial Age
31:51 Town Watch
32:26 Chain Mail Armor
31:36 Pikeman
33:54 Stone Shaft Mining
33:52 Sanctity
34:18 Squires
34:43 Forging
35:32 Elite Rattan Archer
36:24 Bracer
36:45 Arbalester
39:26 Halberdier
40:33 Paper Money
Iraqi Fairy Queen
2:47 Loom
8:54 Loom
10:39 Feudal Age
12:43 Double-Bit Axe
14:44 Wheelbarrow
16:17 Castle Age
14:50 Gold Mining
17:02 Forging
16:58 Scale Barding Armor
18:09 Husbandry
23:07 Town Watch
26:41 Iron Casting
27:06 Chain Barding Armor
32:44 Hand Cart
33:58 Town Patrol
36:44 Imperial Age
36:23 Ballistics
36:32 Fletching
37:18 Cavalier
39:24 Plate Barding Armor
39:50 Blast Furnace
39:41 Paladin
40:48 Conscription
41:31 Hoardings
Connection lost

Rejoining the realm…

Still unreachable

The connection could not be restored.

Session expired

The server has moved on; the page needs a fresh start.